 Dungeon Crawl Stone Soup version 0.20-a0-949-g916514f (webtiles) character file.

343 dvd the Magician (level 6, -4/32 HPs)
             Began as a Deep Elf Fire Elementalist on Apr 4, 2017.
             Slain by a hippogriff (9 damage)
             ... on level 4 of the Dungeon.
             The game lasted 00:07:51 (3766 turns).

dvd the Magician (Deep Elf Fire Elementalist)       Turns: 3766, Time: 00:07:53

Health: -4/32      AC:  3    Str:  5    XL:     6   Next: 31%
Magic:  3/17       EV: 13    Int: 22    God:
Gold:   195        SH:  0    Dex: 15    Spells: 10/17 levels left

rFire    . . .     SeeInvis +   e - +0 dagger
rCold    . . .     Gourm    .   (no shield)
rNeg     . . .     Faith    .   a - +0 robe
rPois    .         Spirit   .   i - +0 helmet
rElec    .         Reflect  .   (no cloak)
rCorr    .         Harm     .   (no gloves)
MR       .....                  (no boots)
Stlth    ++........             (no amulet)
Regen    0.1/turn               o - ring of see invisible
MPRegen  0.2/turn               (no ring)

@: very slightly contaminated
A: no striking features
a: no special abilities


You were on level 4 of the Dungeon.
You were hungry.

You visited 1 branch of the dungeon, and saw 4 of its levels.

You collected 195 gold pieces.

Inventory:

Hand Weapons
 e - a +0 dagger (weapon)
Armour
 a - a +0 robe (worn)
 i - a +0 helmet (worn)
Jewellery
 o - a ring of see invisible (left hand)
Scrolls
 g - 2 scrolls of remove curse {unknown}
 k - a scroll of amnesia {unknown}
 l - 3 scrolls of identify {unknown}
 m - a scroll of enchant armour {unknown}
 q - a scroll of magic mapping {unknown}
 t - 2 scrolls of recharging {unknown}
Potions
 d - a potion of might {unknown}
 f - 2 potions of degeneration {unknown}
 h - 4 potions of flight {unknown}
 n - a potion of haste {unknown}
 r - a potion of heal wounds {unknown}
 s - a potion of resistance {unknown}
 u - a potion of ambrosia {unknown}
Books
 b - a book of Flames

   Spells                             Type                      Level
   a - Flame Tongue                   Conjuration/Fire             1
   b - Throw Flame                    Conjuration/Fire             2
   c - Conjure Flame                  Conjuration/Fire             3
   d - Inner Flame                    Hexes/Fire                   3
   e - Sticky Flame                   Conjuration/Fire             4
   f - Fireball                       Conjuration/Fire             5
Comestibles
 c - 4 bread rations
 j - 2 royal jellies
 p - 4 meat rations


   Skills:
 + Level 0.1 Fighting
 + Level 0.2 Short Blades
 + Level 2.9 Dodging
 + Level 2.8 Stealth
 + Level 6.0 Spellcasting
 + Level 3.1 Conjurations
 + Level 5.2 Fire Magic


You had 10 spell levels left.
You knew the following spells:

 Your Spells              Type           Power        Failure   Level  Hunger
a - Flame Tongue          Conj/Fire      ###..        1%          1    None
b - Throw Flame           Conj/Fire      ###...       2%          2    None
c - Sticky Flame          Conj/Fire      ###.....     17%         4    ###....


Dungeon Overview and Level Annotations

Branches:
Dungeon (4/15)
 Temple: D:4-7

Altars:
Cheibriados
Fedhas
Zin


Message History

Press: ? - help, Shift-Dir - straight line, f/p - hippogriff
Aim: a hippogriff (severely wounded)
You miscast Sticky Flame.
You are very lightly contaminated with residual magic.
Nothing appears to happen.
The hippogriff closely misses you. The hippogriff misses you.
The hippogriff claws you but does no damage.
Unknown command.
Casting: Sticky Flame
Confirm with . or Enter, or press ? or * to list all spells.
Aiming: Sticky Flame
Press: ? - help, Shift-Dir - straight line, f/p - hippogriff
Aim: a hippogriff (severely wounded)
The sticky flame hits the hippogriff.
The hippogriff is almost dead.
The hippogriff is covered in liquid flames!
The hippogriff burns!
The hippogriff bites you!
* * * LOW HITPOINT WARNING * * *
The hippogriff closely misses you. The hippogriff claws you!
You die...

.. #....................
#....................
#....................
#.................... .
#....................
..##....................
............#.##........
##..........#.##........
.......@H...#.##........
....#######.........#...
. ###.#.#######...
#.....#....##...
#..............# ..
#....##....#...#
....###.###....#...#
..........#....#...#
#.#####.#.#....#...#


You could see a hippogriff (burning).

Vanquished Creatures
  An ogre (D:4)
  A phantom (D:4)
  A bullfrog skeleton (D:4)
  6 adders
  2 oozes
  2 worms (D:2)
  A dart slug (D:2)
  A leopard gecko (D:1)
  An orc (D:4)
  A ball python (D:2)
  2 bats (D:1)
  6 giant cockroaches
  7 goblins
  10 hobgoblins
  9 jackals
  5 kobolds
  2 quokkas (D:4)
  3 frilled lizards
  5 rats
66 creatures vanquished.

Notes
Turn   | Place    | Note
-------+----------+-------------------------------------------
     0 | D:1      | dvd the Deep Elf Fire Elementalist began the quest for the Orb.
     0 | D:1      | Reached XP level 1. HP: 10/10 MP: 6/6
   204 | D:1      | Reached XP level 2. HP: 15/15 MP: 3/8
   247 | D:1      | Learned a level 2 spell: Throw Flame
   839 | D:1      | Reached XP level 3. HP: 19/19 MP: 7/10
   960 | D:1      | Reached skill level 4 in Spellcasting
  1542 | D:2      | Found a snail-covered altar of Cheibriados.
  1542 | D:2      | Found a glowing silver altar of Zin.
  2147 | D:3      | Found a blossoming altar of Fedhas.
  2318 | D:3      | Reached XP level 4. HP: 14/24 MP: 0/12
  2429 | D:3      | Learned a level 4 spell: Sticky Flame
  2822 | D:4      | Noticed a hippogriff
  2824 | D:4      | Noticed an ogre
  3014 | D:3      | Reached XP level 5. HP: 28/28 MP: 11/14
  3115 | D:4      | Noticed a phantom
  3145 | D:4      | Killed a phantom
  3145 | D:4      | Reached skill level 5 in Spellcasting
  3145 | D:4      | Reached skill level 5 in Fire Magic
  3378 | D:4      | Killed an ogre
  3378 | D:4      | Reached skill level 6 in Spellcasting
  3378 | D:4      | Reached XP level 6. HP: 32/32 MP: 9/17
  3766 | D:4      | Slain by a hippogriff

Vault maps used:
D:1:      dpeg_arrival_tiny_b, serial_glass, glass_columns_a, glass_columns_b,
          kennysheep_boxes
D:2:      gammafunk_temple_overflow_wave, dk_noncrumbling_3
D:3:      fedhas_altar_1

Skill      XL: |  1  2  3  4  5 |
---------------+----------------+-----
Fire Magic     | 4 5 |  5.2
Spellcasting   | 4 6 |  6.0
Conjurations   | 2 3 |  3.1
Fighting       | |  0.1
Short Blades   | |  0.2
Dodging        | |  2.9
Stealth        | |  2.8

Action                   |  1- 3 |  4- 6 || total
-------------------------+-------+-------++-------
Melee: Dagger            |    21 |     3 ||    24
 Cast: Flame Tongue      |    64 |    37 ||   101
       Throw Flame       |    15 |    13 ||    28
       Sticky Flame      |       |     4 ||     4
 Stab: Sleeping          |     3 |     1 ||     4
  Eat: Chunk             |     4 |     5 ||     9
Armor: Robe              |     9 |     4 ||    13
Dodge: Dodged            |    25 |    15 ||    40
